| TOP OF THE 1ST |
|
Washington Senators batting - Pitching for Arizona Diamondbacks : RHP Miguel Batista
|
|
Pitching: RHP Miguel Batista
|
|
|
Batting: RHB Alex Rodriguez
|
0-0: Ball 1-0: Foul Ball, location: 2F 1-1: SINGLE (Line Drive, 89S, EV 86.9 MPH)
|
|
Batting: RHB Albert Belle
|
0-0: Fly out, F9 (Flyball, 89M, EV 91.3 MPH)
|
|
Batting: RHB Vladimir Guerrero
|
0-0: Ball 1-0: Called Strike 1-1: Swinging Strike 1-2: Strikes out swinging
|
|
Batting: RHB Eric Davis
|
0-0: Ball 1-0: Called Strike 1-1: Ball 2-1: Swinging Strike 2-2: DOUBLE (Groundball, 5L, EV 98.1 MPH) Alex Rodriguez to third Runner from 3rd tries for Home, SAFE, throw by LF to home
|
|
Batting: LHB Willie Greene
|
0-0: Foul Ball, location: 2F 0-1: Ball 1-1: Foul Ball, location: 2F 1-2: Ball 2-2: Ball 3-2: Foul Ball, location: 2F 3-2: Foul Ball, location: 2F 3-2: SINGLE (Groundball, 4D, EV 104.4 MPH) Eric Davis to third Eric Davis scores
|
|
Batting: LHB Brad Fullmer
|
0-0: Fly out, F9 (Flyball, 9S, EV 82.5 MPH)
|
| Top of the 1st over - 2 runs, 3 hits, 0 errors, 1 left on base; Washington 2 - Arizona 0 |
| BOTTOM OF THE 1ST |
|
Arizona Diamondbacks batting - Pitching for Washington Senators : RHP Livan Hernandez
|
|
Pitching: RHP Livan Hernandez
|
|
|
Batting: LHB Delino DeShields
|
0-0: Called Strike 0-1: Ball 1-1: Ground out 1-3 (Groundball, P, EV 62.5 MPH)
|
|
Batting: LHB Tony Gwynn
|
0-0: Called Strike 0-1: Ground out 5-3 (Groundball, 56, EV 94.4 MPH)
|
|
Batting: RHB Moises Alou
|
0-0: Ball 1-0: Foul Ball, location: 2F 1-1: Ball 2-1: Ball 3-1: Foul Ball, location: 2F 3-2: Foul Ball, location: 2F 3-2: Fly out, F7 (Flyball, 7, EV 85.6 MPH)
|
| Bottom of the 1st over - 0 runs, 0 hits, 0 errors, 0 left on base; Washington 2 - Arizona 0 |
| TOP OF THE 2ND |
|
Washington Senators batting - Pitching for Arizona Diamondbacks : RHP Miguel Batista
|
|
Batting: SHB Mickey Tettleton
|
0-0: Fly out, F8 (Flyball, 89M, EV 91.9 MPH)
|
|
Batting: LHB Jon Nunnally
|
0-0: Foul Ball, location: 2F 0-1: Called Strike 0-2: Fly out, F7 (Flyball, 7LDF, EV 98.8 MPH)
|
|
Batting: SHB Ray Durham
|
0-0: Called Strike 0-1: Swinging Strike 0-2: Ball 1-2: Strikes out looking
|
| Top of the 2nd over - 0 runs, 0 hits, 0 errors, 0 left on base; Washington 2 - Arizona 0 |
| BOTTOM OF THE 2ND |
|
Arizona Diamondbacks batting - Pitching for Washington Senators : RHP Livan Hernandez
|
|
Batting: RHB Bobby M Estalella
|
0-0: Ball 1-0: Foul Ball, location: 2F 1-1: DOUBLE (Line Drive, 8RXD, EV 105.6 MPH)
|
|
Batting: LHB Mike Greenwell
|
0-0: Foul Ball, location: 2F 0-1: Ground out U3 (Groundball, 3L, EV 107.5 MPH) Bobby M Estalella to third
|
|
Batting: RHB Lance Blankenship
|
0-0: Ball 1-0: Foul Ball, location: 2F 1-1: Ball 2-1: Foul Ball, location: 2F 2-2: Foul Ball, location: 2F 2-2: Foul Ball, location: 2F 2-2: Ball 3-2: Fly out, F8 (Line Drive, 8LM, EV 90.0 MPH) Runner from 3rd tags up, SCORES, throw by CF
|
|
Batting: LHB Mark Grace
|
0-0: Ball 1-0: Ball 2-0: Foul Ball, location: 2F 2-1: Foul Ball, location: 2F 2-2: Strikes out swinging
|
| Bottom of the 2nd over - 1 run, 1 hit, 0 errors, 0 left on base; Washington 2 - Arizona 1 |
| TOP OF THE 3RD |
|
Washington Senators batting - Pitching for Arizona Diamondbacks : RHP Miguel Batista
|
|
Batting: RHB Alex Rodriguez
|
0-0: Called Strike 0-1: Called Strike 0-2: Ball 1-2: Foul Ball, location: 2F 1-2: Strikes out swinging
|
|
Batting: RHB Albert Belle
|
0-0: Ball 1-0: Ball 2-0: Foul Ball, location: 2F 2-1: Foul Ball, location: 2F 2-2: SINGLE (Flyball, 4D, EV 90.0 MPH)
|
|
Batting: RHB Vladimir Guerrero
|
0-0: Ball 1-0: Ball 2-0: Ball 3-0: Base on Balls Albert Belle to second
|
|
Batting: RHB Eric Davis
|
0-0: Ball 1-0: Fly out, F8 (Flyball, 8RS, EV 90.6 MPH)
|
|
Batting: LHB Willie Greene
|
0-0: Ball 1-0: Swinging Strike 1-1: Foul Ball, location: 2F 1-2: SINGLE (Groundball, 34D, EV 101.3 MPH) Albert Belle to third Vladimir Guerrero to second Runner from 3rd tries for Home, SAFE, throw by RF to home
|
|
Batting: LHB Brad Fullmer
|
0-0: SINGLE (Flyball, 7LS, EV 97.5 MPH) Vladimir Guerrero to third Willie Greene to second Runner from 3rd tries for Home, SAFE, throw by LF to home
|
|
Batting: SHB Mickey Tettleton
|
0-0: Called Strike 0-1: Ball 1-1: Ball 2-1: Fly out, F8 (Flyball, 78M, EV 76.3 MPH)
|
| Top of the 3rd over - 2 runs, 3 hits, 0 errors, 2 left on base; Washington 4 - Arizona 1 |
| BOTTOM OF THE 3RD |
|
Arizona Diamondbacks batting - Pitching for Washington Senators : RHP Livan Hernandez
|
|
Batting: RHB Mike Bordick
|
0-0: Called Strike 0-1: Called Strike 0-2: Foul Ball, location: 2F 0-2: Ball 1-2: Ground out 1-3 (Groundball, P, EV 65.0 MPH)
|
|
Batting: LHB Robin Ventura
|
0-0: Called Strike 0-1: Swinging Strike 0-2: Strikes out swinging
|
|
Batting: LHB Delino DeShields
|
0-0: Ball 1-0: Swinging Strike 1-1: Ball 2-1: Swinging Strike 2-2: Ground out 1-3 (Groundball, 13, EV 90.6 MPH)
|
| Bottom of the 3rd over - 0 runs, 0 hits, 0 errors, 0 left on base; Washington 4 - Arizona 1 |
| TOP OF THE 4TH |
|
Washington Senators batting - Pitching for Arizona Diamondbacks : RHP Miguel Batista
|
|
Batting: LHB Jon Nunnally
|
0-0: Foul Ball, location: 2F 0-1: Swinging Strike 0-2: Ball 1-2: Ball 2-2: SOLO HOME RUN (Flyball, 9D, EV 95.6 MPH), Distance : 366 ft
|
|
Batting: SHB Ray Durham
|
0-0: Called Strike 0-1: Ball 1-1: Ball 2-1: Called Strike 2-2: Foul Ball, location: 2F 2-2: Foul Ball, location: 2F 2-2: Strikes out swinging
|
|
Batting: RHB Alex Rodriguez
|
0-0: Foul Ball, location: 2F 0-1: Called Strike 0-2: Strikes out swinging
|
|
Batting: RHB Albert Belle
|
0-0: Foul Ball, location: 2F 0-1: Called Strike 0-2: Strikes out swinging wild pitch, reaches first!
|
|
Batting: RHB Vladimir Guerrero
|
0-0: Called Strike 0-1: Fly out, F8 (Line Drive, 8RD, EV 88.1 MPH)
|
| Top of the 4th over - 1 run, 1 hit, 0 errors, 1 left on base; Washington 5 - Arizona 1 |
| BOTTOM OF THE 4TH |
|
Arizona Diamondbacks batting - Pitching for Washington Senators : RHP Livan Hernandez
|
|
Batting: LHB Tony Gwynn
|
0-0: Ground out 6-3 (Groundball, 6, EV 100.0 MPH)
|
|
Batting: RHB Moises Alou
|
0-0: Foul Ball, location: 2F 0-1: Ball 1-1: Foul Ball, location: 2F 1-2: Fly out, F8 (Flyball, 8LS, EV 80.0 MPH)
|
|
Batting: RHB Bobby M Estalella
|
0-0: Called Strike 0-1: Called Strike 0-2: Ball 1-2: Foul Ball, location: 2F 1-2: SINGLE (Line Drive, 34D, EV 95.6 MPH)
|
|
Batting: LHB Mike Greenwell
|
0-0: Ball 1-0: Ball 2-0: Ball 3-0: Called Strike 3-1: Base on Balls Bobby M Estalella to second
|
|
Batting: RHB Lance Blankenship
|
0-0: Ball 1-0: Foul Ball, location: 2F 1-1: Ball 2-1: Ball 3-1: Base on Balls Bobby M Estalella to third Mike Greenwell to second
|
|
Batting: LHB Mark Grace
|
0-0: Ball 1-0: Called Strike 1-1: Ball 2-1: Foul Ball, location: 2F 2-2: DOUBLE (Line Drive, 9LS, EV 112.5 MPH) Bobby M Estalella scores Mike Greenwell scores Lance Blankenship to third Runner from 3rd tries for Home, SAFE, no throw by RF
|
|
Batting: RHB Mike Bordick
|
0-0: Ball 1-0: Foul Ball, location: 2F 1-1: Ball 2-1: Ball 3-1: Ground out 1-3 (Groundball, 15, EV 85.0 MPH)
|
| Bottom of the 4th over - 3 runs, 2 hits, 0 errors, 1 left on base; Washington 5 - Arizona 4 |
| TOP OF THE 5TH |
|
Washington Senators batting - Pitching for Arizona Diamondbacks : RHP Miguel Batista
|
|
Batting: RHB Eric Davis
|
0-0: Called Strike 0-1: Ball 1-1: Ball 2-1: Ball 3-1: Foul Ball, location: 2F 3-2: Foul Ball, location: 2F 3-2: Fly out, F3 (Line Drive, 3, EV 68.8 MPH)
|
|
Batting: LHB Willie Greene
|
0-0: Foul Ball, location: 2F 0-1: Called Strike 0-2: Ball 1-2: Foul Ball, location: 2F 1-2: Foul Ball, location: 2F 1-2: Foul Ball, location: 2F 1-2: Fly out, F7 (Flyball, 7D, EV 101.3 MPH)
|
|
Batting: LHB Brad Fullmer
|
0-0: Fly out, F8 (Flyball, 8RS, EV 86.3 MPH)
|
| Top of the 5th over - 0 runs, 0 hits, 0 errors, 0 left on base; Washington 5 - Arizona 4 |
| BOTTOM OF THE 5TH |
|
Arizona Diamondbacks batting - Pitching for Washington Senators : RHP Livan Hernandez
|
|
Batting: LHB Robin Ventura
|
0-0: SINGLE (Line Drive, 7S, EV 93.8 MPH)
|
|
Batting: LHB Delino DeShields
|
0-0: Fly out, F7 (Flyball, 7LS, EV 75.0 MPH)
|
|
Batting: LHB Tony Gwynn
|
0-0: Ground out U3 (Groundball, 3, EV 75.6 MPH) Robin Ventura to second
|
|
Batting: RHB Moises Alou
|
0-0: Ball 1-0: Fly out, F9 (Flyball, 9D, EV 78.8 MPH)
|
| Bottom of the 5th over - 0 runs, 1 hit, 0 errors, 1 left on base; Washington 5 - Arizona 4 |
| TOP OF THE 6TH |
|
Washington Senators batting - Pitching for Arizona Diamondbacks : RHP Miguel Batista
|
|
Batting: SHB Mickey Tettleton
|
0-0: Foul Ball, location: 2F 0-1: Ball 1-1: Swinging Strike 1-2: Strikes out swinging
|
|
Batting: LHB Jon Nunnally
|
0-0: Called Strike 0-1: Ball 1-1: Ball 2-1: Ball 3-1: Called Strike 3-2: Foul Ball, location: 2F 3-2: Foul Ball, location: 2F 3-2: Foul Ball, location: 2F 3-2: Strikes out looking
|
|
Batting: SHB Ray Durham
|
0-0: Ball 1-0: Ball 2-0: Called Strike 2-1: Called Strike 2-2: Ball 3-2: Base on Balls
|
|
Batting: RHB Alex Rodriguez
|
0-0: Ball Ray Durham steals 2nd base (no throw) 1-0: Fly out, F7 (Flyball, 78D, EV 95.6 MPH)
|
| Top of the 6th over - 0 runs, 0 hits, 0 errors, 1 left on base; Washington 5 - Arizona 4 |
| BOTTOM OF THE 6TH |
|
Arizona Diamondbacks batting - Pitching for Washington Senators : RHP Livan Hernandez
|
|
Batting: RHB Bobby M Estalella
|
0-0: Ball 1-0: Ball 2-0: Called Strike 2-1: Foul Ball, location: 2F 2-2: SINGLE (Groundball, 56D, EV 105.0 MPH)
|
|
Batting: LHB Mike Greenwell
|
0-0: Ball 1-0: DOUBLE (Line Drive, 78M, EV 94.4 MPH) Bobby M Estalella to third Runner from 3rd tries for Home, SAFE, throw by LF to trailing runner, OUT at third! 7-6-5
|
|
Batting: RHB Lance Blankenship
|
0-0: Ball 1-0: Ball 2-0: Ball 3-0: Base on Balls
|
|
Batting: LHB Mark Grace
|
0-0: Ball 1-0: Foul Ball, location: 2F 1-1: Swinging Strike Lance Blankenship is caught stealing 2nd base 2-6 1-2: SINGLE (Line Drive, 8RS, EV 86.9 MPH)
|
|
Batting: RHB Mike Bordick
|
0-0: Foul Ball, location: 2F 0-1: Ball 1-1: Ground out 5-3 (Groundball, 56S, EV 83.8 MPH)
|
| Bottom of the 6th over - 1 run, 3 hits, 0 errors, 1 left on base; Washington 5 - Arizona 5 |
| TOP OF THE 7TH |
|
Washington Senators batting - Pitching for Arizona Diamondbacks : RHP Miguel Batista
|
|
Pitching: RHP Marvin Freeman
|
|
|
Batting: RHB Albert Belle
|
0-0: Ball 1-0: Ball 2-0: Ball 3-0: Base on Balls
|
|
Batting: RHB Vladimir Guerrero
|
0-0: Foul Ball, location: 2F 0-1: Foul Ball, location: 2F 0-2: Ball 1-2: Ball 2-2: Ball 3-2: Fly out, F7 (Flyball, 78M, EV 78.8 MPH)
|
|
Batting: RHB Eric Davis
|
0-0: Called Strike 0-1: Foul Ball, location: 2F 0-2: Foul Ball, location: 2F 0-2: Foul Ball, location: 2F 0-2: Fielders Choice at 2nd, 5-4 (Groundball, 56, EV 99.4 MPH)
|
|
Batting: LHB Willie Greene
|
0-0: Ball Eric Davis steals 2nd base 1-0: Foul Ball, location: 2F 1-1: Called Strike 1-2: Ball 2-2: Ball 3-2: SINGLE (Line Drive, 3D, EV 93.8 MPH) Eric Davis to third Eric Davis scores
|
|
Batting: LHB Brad Fullmer
|
0-0: Foul Ball, location: 2F 0-1: DOUBLE (Line Drive, 9LS, EV 101.3 MPH) Willie Greene to third Runner from 3rd tries for Home, SAFE, throw by RF to trailing runner, SAFE at third!
|
|
Batting: SHB Mickey Tettleton
|
0-0: Swinging Strike 0-1: Ball 1-1: Foul Ball, location: 2F 1-2: Strikes out swinging
|
| Top of the 7th over - 2 runs, 2 hits, 0 errors, 1 left on base; Washington 7 - Arizona 5 |
| BOTTOM OF THE 7TH |
|
Arizona Diamondbacks batting - Pitching for Washington Senators : RHP Livan Hernandez
|
|
Batting: LHB Robin Ventura
|
0-0: Ball 1-0: Ball 2-0: Fly out, F6 (Popup, 4MD, EV 41.9 MPH)
|
|
Batting: LHB Delino DeShields
|
0-0: Called Strike 0-1: Swinging Strike 0-2: Ground out 6-3 (Groundball, 6, EV 80.6 MPH)
|
|
Batting: LHB Tony Gwynn
|
0-0: Foul Ball, location: 2F 0-1: Called Strike 0-2: Strikes out swinging
|
| Bottom of the 7th over - 0 runs, 0 hits, 0 errors, 0 left on base; Washington 7 - Arizona 5 |
| TOP OF THE 8TH |
|
Washington Senators batting - Pitching for Arizona Diamondbacks : RHP Marvin Freeman
|
|
Batting: LHB Jon Nunnally
|
0-0: Called Strike 0-1: Foul Ball, location: 2F 0-2: Fly out, F7 (Flyball, 7LD, EV 88.1 MPH)
|
|
Batting: SHB Ray Durham
|
0-0: Called Strike 0-1: Ball 1-1: Ball 2-1: Foul Ball, location: 2F 2-2: Strikes out swinging
|
|
Batting: RHB Alex Rodriguez
|
0-0: Called Strike 0-1: Ball 1-1: Called Strike 1-2: Ball 2-2: Strikes out swinging
|
| Top of the 8th over - 0 runs, 0 hits, 0 errors, 0 left on base; Washington 7 - Arizona 5 |
| BOTTOM OF THE 8TH |
|
Arizona Diamondbacks batting - Pitching for Washington Senators : RHP Livan Hernandez
|
|
Pitching: RHP Mark Wohlers
|
|
|
Batting: RHB Moises Alou
|
0-0: Called Strike 0-1: Ball 1-1: Foul Ball, location: 2F 1-2: Strikes out swinging
|
|
Batting: RHB Bobby M Estalella
|
0-0: Ball 1-0: Foul Ball, location: 2F 1-1: Foul Ball, location: 2F 1-2: Strikes out looking
|
|
Batting: LHB Mike Greenwell
|
0-0: Hit by Pitch
|
|
Batting: RHB Lance Blankenship
|
0-0: Ball 1-0: Ball 2-0: Swinging Strike 2-1: Foul Ball, location: 2F 2-2: Foul Ball, location: 2F 2-2: Ground out 4-3 (Groundball, 34, EV 91.3 MPH)
|
| Bottom of the 8th over - 0 runs, 0 hits, 0 errors, 1 left on base; Washington 7 - Arizona 5 |
| TOP OF THE 9TH |
|
Washington Senators batting - Pitching for Arizona Diamondbacks : RHP Marvin Freeman
|
|
Batting: RHB Albert Belle
|
0-0: Swinging Strike 0-1: Swinging Strike 0-2: Ball 1-2: Strikes out looking
|
|
Batting: RHB Vladimir Guerrero
|
0-0: Fly out, F5 (Flyball, 56D, EV 88.1 MPH)
|
|
Batting: RHB Eric Davis
|
0-0: Ball 1-0: Called Strike 1-1: Ball 2-1: Ball 3-1: Swinging Strike 3-2: SINGLE (Line Drive, 56D, EV 101.3 MPH)
|
|
Pitching: RHP Kelvim Escobar
|
|
|
Batting: LHB Willie Greene
|
0-0: Ball 1-0: Swinging Strike 1-1: Ball 2-1: Ground out 4-3 (Groundball, 4, EV 84.4 MPH)
|
| Top of the 9th over - 0 runs, 1 hit, 0 errors, 1 left on base; Washington 7 - Arizona 5 |
| BOTTOM OF THE 9TH |
|
Arizona Diamondbacks batting - Pitching for Washington Senators : RHP Mark Wohlers
|
|
Pitching: RHP Troy Percival
|
|
|
Batting: LHB Mark Grace
|
0-0: Ground out 4-3 (Groundball, 4, EV 86.9 MPH)
|
|
Batting: RHB Mike Bordick
|
0-0: Ball 1-0: Swinging Strike 1-1: Called Strike 1-2: Ball 2-2: Strikes out swinging
|
|
Batting: LHB Robin Ventura
|
0-0: Ball 1-0: Foul Ball, location: 2F 1-1: Ground out 1-3 (Groundball, 13, EV 88.8 MPH)
|
| Bottom of the 9th over - 0 runs, 0 hits, 0 errors, 0 left on base; Washington 7 - Arizona 5 |
|